 Dungeon Crawl Stone Soup version 0.18-a0-125-g4c9da24 (webtiles) character file.

155 Proton the Skirmisher (level 5, -5/33 HPs)
             Began as a Gargoyle Fighter on Nov 21, 2015.
             Killed by divine providence
             ... invoked by an orc priest
              (15 damage)
             ... on level 3 of the Dungeon.
             The game lasted 00:03:14 (2211 turns).

Proton the Skirmisher (Gargoyle Fighter)            Turns: 2211, Time: 00:03:14

Health: -5/33      AC: 11    Str: 21    XL:     5   Next: 37%
Magic:  5/5        EV:  8    Int:  8    God:
Gold:   183        SH:  9    Dex:  9    Spells: 0 memorised, 4 levels left

rFire  . . .     SeeInvis .     a - +0 flail
rCold  . . .     Clarity  .     b - +0 scale mail
rNeg   + . .     SustAt   .     c - +0 shield
rPois  ∞         Gourm    .     (no helmet)
rElec  +         Spirit   .     (no cloak)
rCorr  .         Warding  .     (no gloves)
rMut   .         Stasis   .     (no boots)
MR     .....                    (no amulet)
Stlth  ..........               (no ring)
                                (no ring)

@: not resistant to hostile enchantments, extremely unstealthy
A: negative energy resistance 1, electricity resistance, unbreathing,
petrification resistance, rot immunity, AC +4
a: no special abilities


You were on level 3 of the Dungeon.
You were not hungry.

You visited 1 branch of the dungeon, and saw 3 of its levels.

You collected 183 gold pieces.

Inventory:

Hand Weapons
 a - a +0 flail (weapon)
Armour
 b - a +0 scale mail (worn)
 c - a +0 shield (worn)
Scrolls
 g - 4 scrolls of remove curse {unknown}
 h - a scroll of teleportation {unknown}
 i - a scroll of identify {unknown}
 l - a scroll of fog {unknown}
 m - a scroll of immolation {unknown}
 n - a scroll of fear {unknown}
 o - a scroll of recharging {unknown}
 p - a scroll of amnesia {unknown}
 s - a scroll of enchant armour {unknown}
Potions
 d - a potion of might
 f - a potion of haste {unknown}
 k - 3 potions of curing {unknown}
 q - a potion of poison {unknown}
Comestibles
 e - 2 bread rations
 j - 5 fruits
 r - a meat ration


   Skills:
 + Level 4.2 Fighting
 + Level 3.1 Maces & Flails
 + Level 4.0 Armour
 + Level 1.2 Dodging
 + Level 4.1 Shields


You had 4 spell levels left.
You didn't know any spells.

Dungeon Overview and Level Annotations

Branches:
Dungeon (3/15)

Altars:
Elyvilon
Kikubaaqudgha


Innate Abilities, Weirdness & Mutations

You are resistant to torment.
Your stone body is resilient (AC +4).
You are immune to poison.
You resist negative energy.
You are resistant to electric shocks.
You can survive without breathing.
You are immune to petrification.
You are immune to rotting.


Message History

You hit the orc priest.
The orc priest is lightly wounded.
The orc barely misses you.
The orc priest mumbles some strange prayers to Beogh against you.
Something smites you!
The orc priest miscasts a cantrip.
You hit the orc priest.
The orc priest is moderately wounded.
The orc barely misses you. The orc hits you with a flail.
The orc priest hits you with a falchion.
* * * LOW HITPOINT WARNING * * *
You block the orc's attack.
A goblin comes into view. It is wielding a dagger.
The goblin shouts!
You see here 2 smoky orange potions.
Found a royal jelly.
You block the orc's attack.
The orc priest mumbles some strange prayers to Beogh against you.
Something smites you!
You die...

........# ..##.##.# ###.#
..##.##.# ###.....
#.......# #......#
###...### #.#.#..# ≈ #...#
#.#.#... %≈ #...#
###...##.# ≈≈≈
###..)######....>##.# ....
...........#....@##.##.....
................o..........
................oo#.##....
###...#####.......#.# .
#...# #.#.#.#.#o######
#...# #.#....og.......#
#...# #.##.##.#.#####.#
#...# #.......#.# ##.#
......###.#


You could see an orc priest, 3 orcs and a goblin.

Vanquished Creatures
  2 adders
  4 gnolls
  2 oozes
  3 worms
  10 orcs (D:3)
  A ball python (D:1)
  2 giant cockroaches
  8 hobgoblins
  11 bats
  4 goblins
  15 kobolds
  A quokka (D:1)
  9 rats
72 creatures vanquished.

Vanquished Creatures (others)
  A kobold (D:2)
  A goblin (D:2)
2 creatures vanquished.

Grand Total: 74 creatures vanquished

Notes
Turn   | Place    | Note
--------------------------------------------------------------
     0 | D:1      | Proton the Gargoyle Fighter began the quest for the Orb.
     0 | D:1      | Reached XP level 1. HP: 14/14 MP: 1/1
   199 | D:1      | Reached XP level 2. HP: 17/19 MP: 2/2
   441 | D:1      | Reached XP level 3. HP: 23/23 MP: 3/3
   999 | D:1      | Reached skill level 1 in Dodging
   999 | D:1      | Reached XP level 4. HP: 24/29 MP: 4/4
  1007 | D:1      | Reached skill level 4 in Fighting
  1298 | D:2      | Found a faded altar to an unknown god.
  1621 | D:2      | Found a white marble altar of Elyvilon.
  1641 | D:2      | Found an ancient bone altar of Kikubaaqudgha.
  1717 | D:2      | Reached XP level 5. HP: 31/33 MP: 5/5
  2211 | D:3      | Killed from afar by an orc priest

Vault maps used:
D:1:      dpeg_arrival_rooms_b
D:2:      kiku_gazebo_pond_becter, first_bread, ecumenical_altar_2,
          minivault_24, elyvilon_altar_4
D:3:      minivault_26, corexii_item_surrounded_by_moat

Action                   |  1- 3 |  4- 6 || total
-------------------------+-------+-------++-------
Melee: Flail             |    85 |   175 ||   260
  Eat: Meat ration       |       |     1 ||     1
       Pizza             |       |     1 ||     1
